 Dungeon Crawl Stone Soup version 0.29.1-14-g9c671dbff4 (webtiles) character file.

Game seed: 5321391717914990910

5879 LustLizard the Thrower (level 10, -2/73 (76) HPs)
             Began as a Gnoll Wanderer on Feb 16, 2023.
             Was a Believer of Ru.
             Slain by an unseen horror (9 damage)
             ... on level 8 of the Dungeon.
             The game lasted 00:29:03 (15834 turns).

LustLizard the Thrower (Gnoll Wanderer)            Turns: 15834, Time: 00:29:03

HP:   -2/73 (76)    AC: 14    Str: 22    XL:     10   Next: 81%
MP:   18/18         EV: 11    Int: 20    God:    Ru [**....]
Gold: 167           SH:  4    Dex:  8    Spells: 20/20 levels left

rFire   . . .      SeeInvis .   a - +2 mace (freeze)
rCold   . . .      Faith    .   N - +0 buckler
rNeg    . . .      Spirit   .   t - +2 robe "Gabb" {+Inv Int+2}
rPois   +          Reflect  .   L - +1 helmet of the Ward {Str+5 Int+8 Dex-4}
rElec   .          Harm     .   K - +0 cloak
rCorr   +          Rampage  .   n - +0 pair of gloves
Will    .....                   H - +0 pair of boots
Stlth   +++.......              x - amulet of Jeass {Acrobat rPois}
HPRegen 0.22/turn               y - ring of resist corrosion
MPRegen 0.16/turn               A - +4 ring of protection

@: lightly drained
A: fangs 1, inability to train dodging, missing an eye, strong nose, distributed
training
a: Renounce Religion, Evoke Invisibility


You were on level 8 of the Dungeon.
You worshipped Ru.
Ru was pleased with you.
You visited 1 branch of the dungeon, and saw 9 of its levels.
You also visited: Sewer.

You collected 556 gold pieces.
You spent 389 gold pieces at shops.

Inventory:

Hand Weapons
 a - a +2 mace of freezing (weapon)
 b - a +0 sling
 d - a +0 dagger
Missiles
 c - 21 poisoned darts (quivered)
 M - 8 throwing nets
Armour
 f - a +0 leather armour
 n - a +0 pair of gloves (worn)
 o - a +0 ring mail
 t - the +2 robe "Gabb" (worn) {+Inv Int+2}
   (You took it off a hobgoblin on level 2 of the Dungeon)

   Int:       It affects your intelligence (+2).
   +Inv:      It lets you turn invisible.
 v - a scarf of invisibility
 H - a +0 pair of boots (worn)
 K - a +0 cloak (worn)
 L - the +1 helmet of the Ward (worn) {Str+5 Int+8 Dex-4}
   (You bought it in a shop on level 6 of the Dungeon)

   Str:       It affects your strength (+5).
   Int:       It affects your intelligence (+8).
   Dex:       It affects your dexterity (-4).
 N - a +0 buckler (worn)
Jewellery
 q - an amulet of magic regeneration
 x - the amulet of Jeass (around neck) {Acrobat rPois}
   (You found it on level 3 of the Dungeon)

   [amulet of the acrobat]

   It increases your evasion while moving and waiting.
   rPois:     It protects you from poison.
 y - a ring of resist corrosion (left hand)
 A - a +4 ring of protection (right hand)
 R - a ring of positive energy
Wands
 E - a wand of charming (11)
 F - a wand of mindburst (8)
 G - a wand of polymorph (14)
 P - a wand of iceblast (6)
Scrolls
 e - 2 scrolls of fear
 g - 2 scrolls of teleportation
 i - a scroll of blinking {unknown}
 l - a scroll of vulnerability {unknown}
 r - 3 scrolls of immolation {unknown}
 u - 2 scrolls of brand weapon
 w - 2 scrolls of magic mapping {unknown}
 B - 2 scrolls of butterflies
 D - a scroll of poison {unknown}
 I - 2 scrolls of enchant armour {unknown}
 J - a scroll of summoning {unknown}
 Q - a scroll of torment {unknown}
Potions
 h - 4 potions of attraction
 k - 2 potions of lignification
 m - 3 potions of flight
 p - 2 potions of haste
 s - a potion of berserk rage {unknown}
 z - 3 potions of brilliance
 C - 3 potions of magic
 O - a potion of mutation {unknown}


   Skills:
 + Level 5.8 Fighting
 + Level 5.8 Short Blades
 + Level 5.8 Long Blades
 + Level 5.8 Axes
 + Level 8.9 Maces & Flails
 + Level 5.8 Polearms
 + Level 5.8 Staves
 + Level 7.5 Ranged Weapons
 + Level 10.4 Throwing
 + Level 6.4 Armour
   Level 0.0 Dodging
 + Level 5.8 Stealth
 + Level 5.8 Shields
 + Level 5.8 Unarmed Combat
 + Level 5.8 Spellcasting
 + Level 4.8 Conjurations
 + Level 4.8 Hexes
 + Level 4.8 Summonings
 + Level 4.8 Necromancy
 + Level 4.8 Translocations
 + Level 4.8 Transmutations
 + Level 4.8 Fire Magic
 + Level 4.8 Ice Magic
 + Level 4.8 Air Magic
 + Level 4.8 Earth Magic
 + Level 4.8 Poison Magic
 + Level 6.4 Invocations
 + Level 5.8 Evocations


You had 20 spell levels left.
You didn't know any spells.
Your spell library was empty.

Dungeon Overview and Level Annotations

Branches:
Dungeon (9/15)             Temple (0/1) D:6             Orc (0/2) D:9
  Sewer (visited)
   Lair: D:8-11

Altars:
Cheibriados
Gozag
Ru
Trog
Uskayaw
Vehumet
Wu Jian
Yredelemnul

Shops:
D:6 [

Annotations:
D:6 exclusion: boulder beetle
D:8 exclusion: wight
D:9 Harold


Innate Abilities, Weirdness & Mutations

You have very sharp teeth.
You cannot train Dodging skill.
You are missing an eye, making it more difficult to aim.
Your uncanny sense of smell can sniff out nearby items.
Your experience applies equally to all skills.


Message History

You feel better.
You miss something. You block something's attack. Something closely misses you.
You barely miss something. You bite something. Something hits you.
Something hits you but does no damage. Something barely misses you.
You barely miss something. Something hits you but does no damage.
Something hits you but does no damage.
You closely miss something. Something hits you. Something misses you.
Something hits you. Something hits you.
You miss something. Something hits you but does no damage.
Something barely misses you.
You miss something.
Something hits you but does no damage. x2
Something completely misses you.
You barely miss something. Something hits you but does no damage.
You closely miss something. Something hits you but does no damage.
Something hits you but does no damage. Something hits you! Something hits you.
* * * LOW HITPOINT WARNING * * *
You miss something. Something hits you.
* * * LOW HITPOINT WARNING * * *
Something hits you but does no damage. Something hits you but does no damage.
You block something's attack.
You miss something. Something hits you.
* * * LOW HITPOINT WARNING * * *
Something hits you but does no damage. Something hits you but does no damage.
Something hits you but does no damage.
You barely miss something. Something hits you but does no damage.
Something hits you.
* * * LOW HITPOINT WARNING * * *
You miss something. Something hits you.
* * * LOW HITPOINT WARNING * * *
Something hits you.
* * * LOW HITPOINT WARNING * * *
Something hits you but does no damage.
You miss something. Something hits you!
You die...

#. #.............## #..#
#.##..............# #...
..#..........##..# ##...
#.#.........###..## #....
#..........## ##..# ##....
##.##.....## #..## #..>..
#........### #...# ##.....
#####..#.......######..# #......
......#######..{@..##..## #......
........##########......###......
...........## ##.###..##.......
#...........# #................
##..........#####..##########....
.##..........##...############...
.##...............#....#..#.>##..
.##...........##..#....#.[#..##..
.##...........##..#....#''#..##..


There were no monsters in sight!

Vanquished Creatures
  A boulder beetle (D:6)
  Pikel (D:6)
  A gargoyle (D:6)
  A hornet (D:8)
  2 wraiths (D:9)
  2 wyverns (D:8)
  Menkaure (D:6)
  2 orc warriors
  A sky beast (D:7)
  A black bear (D:5)
  A wolf (D:8)
  2 centaurs
  3 phantoms (D:9)
  4 lemures (D:6)
  2 kobold brigands
  3 bullfrogs
  2 necrophages (D:7)
  3 gnoll sergeants (D:8)
  2 scorpions (D:5)
  5 wights
  2 troll zombies (D:9)
  4 howler monkeys
  14 hounds
  2 jellies (D:6)
  6 orc priests
  Crazy Yiuf (D:6)
  3 gnoll boudas (D:8)
  Jessica (D:2)
  2 iguanas
  5 orc wizards
  Ijyb (D:5)
  4 ogre zombies (D:9)
  2 human simulacra (D:9)
  10 adders
  22 gnolls (D:8)
  3 river rats (Sewer)
  A shadow imp (D:5)
  3 white imps (D:7)
  A worm (D:4)
  2 dart slugs
  19 orcs
  10 endoplasms
  5 giant cockroaches
  8 goblins
  2 hobgoblins (D:2)
  17 jackals
  A quokka (D:1)
  8 ball pythons
  8 bats
  6 frilled lizards
  A goblin skeleton (D:9)
  4 goblin zombies (D:9)
  A hobgoblin zombie (D:9)
  9 kobolds
  An orc skeleton (D:9)
  7 orc zombies (D:9)
  13 rats
  A spectral orc (D:6)
250 creatures vanquished.

Vanquished Creatures (others)
  A jackal (D:5)
  A goblin zombie (D:9)
  2 orc zombies (D:9)
  6 plants (Sewer)
10 creatures vanquished.

Grand Total: 260 creatures vanquished

Notes
Turn   | Place    | Note
-------+----------+-------------------------------------------
     0 | D:1      | LustLizard the Gnoll Wanderer began the quest for the Orb.
     0 | D:1      | LustLizard set off with the following items: a +2 mace, a
                  | +0 sling, 9 poisoned darts, a +0 dagger, a scroll of fear,
                  | a +0 leather armour.
     0 | D:1      | Reached XP level 1. HP: 13/13 MP: 1/1
     6 | D:1      | Noticed a black mamba
     6 | D:1      | Noticed a killer bee
     6 | D:1      | Noticed a hog
     7 | D:1      | Noticed a black bear
   256 | D:1      | Found a faded altar of an unknown god.
   280 | D:1      | Reached XP level 2. HP: 17/19 MP: 2/2
   594 | D:1      | Reached XP level 3. HP: 11/25 MP: 3/3
   897 | D:1      | Reached skill level 1 in Invocations
  1597 | D:2      | Reached skill level 1 in Fighting
  1597 | D:2      | Reached skill level 1 in Short Blades
  1597 | D:2      | Reached skill level 1 in Long Blades
  1597 | D:2      | Reached skill level 1 in Axes
  1597 | D:2      | Reached skill level 1 in Polearms
  1597 | D:2      | Reached skill level 1 in Staves
  1597 | D:2      | Reached skill level 1 in Dodging
  1597 | D:2      | Reached skill level 1 in Stealth
  1597 | D:2      | Reached skill level 1 in Shields
  1597 | D:2      | Reached skill level 1 in Unarmed Combat
  1597 | D:2      | Reached skill level 1 in Spellcasting
  1597 | D:2      | Reached skill level 1 in Evocations
  1872 | D:2      | Reached XP level 4. HP: 21/32 MP: 5/5
  1877 | D:2      | Identified the +2 robe "Gabb" {+Inv Int+2}
  2226 | D:2      | Noticed Jessica
  2238 | D:2      | Killed Jessica
  2239 | D:2      | Reached skill level 1 in Conjurations
  2239 | D:2      | Reached skill level 1 in Hexes
  2239 | D:2      | Reached skill level 1 in Summonings
  2239 | D:2      | Reached skill level 1 in Necromancy
  2239 | D:2      | Reached skill level 1 in Translocations
  2239 | D:2      | Reached skill level 1 in Transmutations
  2239 | D:2      | Reached skill level 1 in Fire Magic
  2239 | D:2      | Reached skill level 1 in Ice Magic
  2239 | D:2      | Reached skill level 1 in Air Magic
  2239 | D:2      | Reached skill level 1 in Earth Magic
  2239 | D:2      | Reached skill level 1 in Poison Magic
  2279 | D:2      | Found a radiant altar of Vehumet.
  2706 | D:3      | Reached XP level 5. HP: 17/37 MP: 7/7
  3272 | D:3      | Identified the amulet of Jeass {Acrobat rPois}
  3343 | D:3      | Found a sacrificial altar of Ru.
  3377 | D:3      | Became a worshipper of Ru the Awakened
  3530 | D:3      | Found a bloodstained altar of Trog.
  3874 | D:4      | Found a glowing drain.
  4000 | Sewer    | Entered a sewer
  4176 | Sewer    | Reached XP level 6. HP: 27/44 MP: 8/8
  4490 | Sewer    | Reached skill level 5 in Ranged Weapons
  5465 | D:5      | Entered Level 5 of the Dungeon
  5465 | D:5      | Noticed Ijyb
  5578 | D:5      | Noticed a black bear
  5585 | D:5      | Killed a black bear
  5586 | D:5      | Reached XP level 7. HP: 50/50 MP: 10/10
  5880 | D:5      | Killed Ijyb
  5881 | D:5      | Reached skill level 9 in Throwing
  5966 | D:5      | Gained mutation: You are missing an eye, making it more
                  | difficult to aim. [Ru sacrifice]
  5966 | D:5      | Reached * piety under Ru
  6806 | D:5      | Reached XP level 8. HP: 49/58 MP: 12/12
  7159 | D:6      | Noticed Menkaure
  7176 | D:6      | Killed Menkaure
  7315 | D:6      | Found a staircase to the Ecumenical Temple.
  7382 | D:6      | Found a basalt altar of Yredelemnul.
  7536 | D:6      | Noticed a gargoyle
  7542 | D:6      | Killed a gargoyle
  7615 | D:6      | Found Nurom's Armour Shoppe.
  7741 | D:6      | Noticed Pikel
  7936 | D:6      | Found a runed translucent door.
  7937 | D:6      | Noticed Crazy Yiuf
  7977 | D:6      | Noticed a boulder beetle
  7997 | D:6      | Killed a boulder beetle
  7998 | D:6      | Reached skill level 5 in Armour
  7998 | D:6      | Reached XP level 9. HP: 28/65 MP: 13/15
  8231 | D:6      | Noticed a boulder beetle
  8250 | D:6      | Noticed a two-headed ogre
  8455 | D:6      | Killed Pikel
  8456 | D:6      | Reached skill level 5 in Invocations
  9039 | D:6      | Killed Crazy Yiuf
  9217 | D:7      | Found a hide-covered altar of Uskayaw.
 10207 | D:7      | Noticed a freezing wraith
 10301 | D:6      | Bought the +1 helmet of the Ward {Str+5 Int+8 Dex-4} for
                  | 389 gold pieces
 10554 | D:8      | Reached skill level 5 in Fighting
 10554 | D:8      | Reached skill level 5 in Short Blades
 10554 | D:8      | Reached skill level 5 in Long Blades
 10554 | D:8      | Reached skill level 5 in Axes
 10554 | D:8      | Reached skill level 5 in Polearms
 10554 | D:8      | Reached skill level 5 in Staves
 10554 | D:8      | Reached skill level 5 in Dodging
 10554 | D:8      | Reached skill level 5 in Stealth
 10554 | D:8      | Reached skill level 5 in Shields
 10554 | D:8      | Reached skill level 5 in Unarmed Combat
 10554 | D:8      | Reached skill level 5 in Spellcasting
 10554 | D:8      | Reached skill level 5 in Evocations
 10554 | D:8      | Reached XP level 10. HP: 74/74 MP: 17/17
 10605 | D:8      | Gained mutation: You cannot train Dodging skill. [Ru
                  | sacrifice]
 10605 | D:8      | Reached ** piety under Ru
 10671 | D:8      | Reached skill level 10 in Throwing
 12014 | D:8      | Found an ornate altar of the Wu Jian Council.
 12650 | D:8      | Found an opulent altar of Gozag.
 12769 | D:8      | Found a radiant altar of Vehumet.
 13063 | D:8      | Found a snail-covered altar of Cheibriados.
 14509 | D:9      | Found a staircase to the Orcish Mines.
 15628 | D:9      | Noticed Harold
 15834 | D:8      | Slain by an unseen horror

Illustrated notes

Levels and vault maps discovered:
D:1:      onia_arrival_zoo_common, layout_rooms, ebering_ecumenical_altar_box
D:2:      layout_loops_corners, basic_altar, uniq_jessica
D:3:      layout_basic, hangedman_ru_absence, trog_three_pillars_becter,
          patterned_corridor
D:4:      nicolae_cairo_tiling, layout_rooms, gup_sewer_entry_bowl
D:5:      layout_basic, minmay_fractal_squares_gapless_5, uniq_ijyb
D:6:      layout_rooms, yredelemnul_forgotten_temple_becter,
          minmay_temple_entry_ruins, serial_shops, shop, kb_rosetta,
          uniq_menkaure, uniq_pikel, uniq_crazy_yiuf_cottage
D:7:      layout_basic, nicolae_uskayaw_dance_hall, grunt_decor_mini_mirrors,
          hellmonk_guarded_unrand_frostbite
D:8:      layout_cave_pods, grunt_gozag_statues,
          mainiacjoe_overflow_surrounded_room, lemuel_tele_altar,
          mainiacjoe_overflow_paths, serial_gnoll_camp, gnoll_camp_medium_02,
          gnoll_camp_mini_doghouse, gnoll_camp_mini_house, gnoll_camp_mini_hut,
          gnoll_camp_mini_basic, gnoll_camp_mini_doghouse, minmay_fountain_box
D:9:      layout_layer_cave, zombieorc1_lemuel, bh_circular_ruins, uniq_harold

Skill      XL: |  1  2  3  4  5  6  7  8  9 10 |
---------------+-------------------------------+-----
Invocations    | 1 2 3 4 5 6 |  6.4
Fighting       | 1 2 3 4 5 |  5.8
Short Blades   | 1 2 3 4 5 |  5.8
Long Blades    | 1 2 3 4 5 |  5.8
Axes           | 1 2 3 4 5 |  5.8
Polearms       | 1 2 3 4 5 |  5.8
Staves         | 1 2 3 4 5 |  5.8
Dodging        | 1 2 3 4 5 0 |  0.0
Stealth        | 1 2 3 4 5 |  5.8
Shields        | 1 2 3 4 5 |  5.8
Unarmed Combat | 1 2 3 4 5 |  5.8
Spellcasting   | 1 2 3 4 5 |  5.8
Evocations     | 1 2 3 4 5 |  5.8
Conjurations   | 1 2 3 4 |  4.8
Hexes          | 1 2 3 4 |  4.8
Summonings     | 1 2 3 4 |  4.8
Necromancy     | 1 2 3 4 |  4.8
Translocations | 1 2 3 4 |  4.8
Transmutations | 1 2 3 4 |  4.8
Fire Magic     | 1 2 3 4 |  4.8
Ice Magic      | 1 2 3 4 |  4.8
Air Magic      | 1 2 3 4 |  4.8
Earth Magic    | 1 2 3 4 |  4.8
Poison Magic   | 1 2 3 4 |  4.8
Armour         | 3 4 5 6 |  6.4
Ranged Weapons | 5 6 7 |  7.5
Maces & Flails | 7 8 |  8.9
Throwing       | 9 10 | 10.4

Action                   |  1- 3 |  4- 6 |  7- 9 | 10-12 || total
-------------------------+-------+-------+-------+-------++-------
Melee: Mace              |   112 |   212 |   346 |   612 ||  1282
       Bite              |     8 |    19 |    33 |    37 ||    97
       Punch             |       |     5 |     5 |     4 ||    14
       Unarmed           |       |       |     5 |       ||     5
Throw: Dart              |       |    10 |    26 |    12 ||    48
Invok: Sacrifice an Eye  |       |       |     1 |       ||     1
       Sacrifice Nimblen |       |       |       |     1 ||     1
 Abil: Evoke Invisibilit |       |       |       |     2 ||     2
Evoke: Wand              |       |       |     6 |       ||     6
  Use: Scroll            |       |     5 |     5 |     3 ||    13
       Potion            |       |       |     4 |     3 ||     7
 Stab: Sleeping          |       |     2 |     3 |     4 ||     9
       Distracted        |       |       |     1 |     1 ||     2
       Invisible         |       |       |       |     5 ||     5
Armor: Leather armour    |    19 |       |       |       ||    19
       Ring mail         |    18 |       |       |       ||    18
       Robe              |       |    81 |   119 |   301 ||   501
       Skin              |       |       |     1 |       ||     1
Dodge: Dodged            |    76 |   147 |   212 |   392 ||   827
Block: Buckler           |       |       |       |   117 ||   117
